 Dungeon Crawl Stone Soup version 0.30.1-11-g7821555f0a (webtiles) character file.

Game seed: 14753475550970353533

457 AppTheSpectato the Chopper (level 7, -1/60 (63) HPs)
             Began as a Hill Orc Monk on Nov 1, 2023.
             Slain by a wight
             ... wielding a +4 short sword
              (13 damage)
             ... on level 5 of the Dungeon.
             The game lasted 00:05:23 (2834 turns).

AppTheSpectato the Chopper (Hill Orc Monk)          Turns: 2834, Time: 00:05:24

HP:   -1/60 (63)    AC:  3    Str: 16    XL:     7   Next: 6%
MP:   7/7           EV: 13    Int: 10    God:
Gold: 177           SH:  0    Dex: 13    Spells: 6/6 levels left

rFire   + . .        a - +0 hand axe
rCold   x . .        d - orb {light}
rNeg    . . .        b - +0 robe
rPois   .            (no helmet)
rElec   .            (no cloak)
rCorr   .            n - +0 pair of gloves
SInv    .            (no boots)
Will    .....        (no amulet)
Stlth   +            o - ring of fire
HPRegen 0.30/turn    (no ring)
MPRegen 0.10/turn

%: no passive effects
@: glowing, lightly drained
A: no striking features
a: no special abilities


You were on level 5 of the Dungeon.
You visited 1 branch of the dungeon, and saw 5 of its levels.

You collected 177 gold pieces.

Inventory:

Hand Weapons
 a - a +0 hand axe (weapon)
Armour
 b - a +0 robe (worn)
 d - an orb of light (worn)
 n - a +0 pair of gloves (worn)
Magical Staves
 e - a staff of poison
Jewellery
 o - a ring of fire (left hand)
Scrolls
 i - a scroll of teleportation {unknown}
 l - a scroll of amnesia {unknown}
 m - a scroll of magic mapping {unknown}
 q - a scroll of enchant armour {unknown}
Potions
 c - a potion of ambrosia
 f - a potion of berserk rage
 g - a potion of attraction
 h - a potion of lignification
 j - 2 potions of curing
 k - a potion of haste
 p - a potion of heal wounds {unknown}


   Skills:
 + Level 6.1 Fighting
 + Level 6.7 Axes
 + Level 4.1 Dodging


You had 6 spell levels left.
You didn't know any spells.
Your spell library contained the following spells:

 Spells                   Type           Power      Damage    Failure   Level
 Blink                    Tloc           0%         N/A       50%         2
 Lesser Beckoning         Tloc           0%         N/A       50%         2
 Momentum Strike          Conj/Tloc      0%         3d8       50%         2


Dungeon Overview and Level Annotations

Branches:
Dungeon (5/15)
 Temple: D:4-7

Altars:
Vehumet


Message History

The lemure is almost dead.
You hit the adder but do no damage.
You feel sick. The adder closely misses you. The lemure barely misses you.
The adder bites you.
You are more poisoned.
The adder poisons you!
You completely miss the lemure.
The lemure is almost dead.
You closely miss the adder. You hit the wight.
You feel sick. The adder bites you.
You are more poisoned.
The adder poisons you! The lemure closely misses you.
The wight hits you with a +4 short sword.
* * * LOW HITPOINT WARNING * * *
You feel drained.
* * * LOW HITPOINT WARNING * * *
You hit the wight.
The wight is lightly damaged.
You hit the lemure.
You kill the lemure!
That felt strangely unrewarding.
You hit the adder.
* * * LOW HITPOINT WARNING * * *
You feel very sick. The adder bites you.
* * * LOW HITPOINT WARNING * * *
The wight closely misses you.
A wight comes into view. It is wielding a +3 great sword.
You feel better. The adder completely misses you.
The wight hits you with a +4 short sword.
* * * LOW HITPOINT WARNING * * *
You feel drained. The adder closely misses you.
You hit the wight.
The wight is moderately damaged.
You hit the adder. The wight misses you. The adder barely misses you.
A wight comes into view. It is wielding a +0 battleaxe.
You hit the wight.
The wight is moderately damaged.
You closely miss the adder. The adder closely misses you.
The wight hits you with a +4 short sword!
You die...

..##### ..#...# ......
......## ......#
.......### ####.
.....# ##.......###...
.....#
######....##.####....z
. ###††....#.....##
##.........S...#.#
#.........@z..z..#
#........).......#
..................##
#.#.........)....... .
...................#.
. ####...............#
. ##..........>....# .
##.....#.....##.#
###.#########


You could see 3 wights and an adder.

Vanquished Creatures
  Sigmund (D:2)
  A lemure (D:5)
  An orc priest (D:5)
  2 iguanas (D:5)
  4 orc wizards
  3 gnolls (D:3)
  2 adders (D:2)
  A dart slug (D:1)
  8 orcs
  4 bats
  7 endoplasms
  A giant cockroach (D:2)
  3 goblins
  6 hobgoblins
  4 quokkas
  3 ball pythons
  2 frilled lizards (D:2)
  6 kobolds
  3 rats
62 creatures vanquished.

Notes
Turn   | Place    | Note
-------+----------+-------------------------------------------
     0 | D:1      | AppTheSpectato the Hill Orc Monk began the quest for the
                  | Orb.
     0 | D:1      | Reached XP level 1. HP: 19/19 MP: 1/1
   342 | D:1      | Reached XP level 2. HP: 16/27 MP: 2/2
  1187 | D:2      | Reached XP level 3. HP: 33/33 MP: 3/3
  1241 | D:2      | Noticed Sigmund
  1260 | D:2      | Killed Sigmund
  1261 | D:2      | Reached skill level 5 in Fighting
  1261 | D:2      | Reached skill level 5 in Axes
  1261 | D:2      | Reached XP level 4. HP: 9/42 MP: 4/4
  1261 | D:2      | Reached XP level 5. HP: 10/48 MP: 5/5
  1570 | D:2      | Reached XP level 6. HP: 32/56 MP: 6/6
  2368 | D:3      | Found a radiant altar of Vehumet.
  2503 | D:3      | You fall into a shaft and drop 1 floor!
  2534 | D:5      | Entered Level 5 of the Dungeon
  2575 | D:5      | HP: 2/57 [iguana (5)]
  2577 | D:5      | Reached XP level 7. HP: 3/63 MP: 7/7
  2834 | D:5      | Slain by a wight

Illustrated notes

Levels and vault maps discovered:
D:1:      kennysheep_arrival_forest, layout_loops_corners, minivault_14
D:2:      layout_basic, minmay_misc_feat_room, uniq_sigmund
D:3:      layout_basic, fiery_altar_vehumet, cheibrodos_ashenzari_chains,
          minmay_misc_feat_roman
D:4:      layout_cave_pods, amcnicky_altar_gilded, serial_shops, shop, shop,
          shop, shop_statue, uniq_edmund, uniq_eustachio
D:5:      layout_rooms, eat_drink_and_be_merry_uskayaw, uniq_blork_the_orc,
          uniq_pikel, uniq_prince_ribbit1

Skill      XL: |  1  2  3  4  5  6 |
---------------+-------------------+-----
Fighting       | 4 5 6 |  6.1
Axes           | 5 6 |  6.7
Dodging        | 3 4 |  4.1

Action                     |  1- 3 |  4- 6 |  7- 9 || total
---------------------------+-------+-------+-------++-------
  Melee: Hand axe          |    70 |   109 |    29 ||   208
    Use: Scroll            |     4 |     2 |       ||     6
         Potion            |       |       |     1 ||     1
 Armour: Robe              |     9 |    21 |     2 ||    32
  Dodge: Dodged            |    35 |    64 |    23 ||   122
